 Dungeon Crawl Stone Soup version 0.30-a0-122-g2a1322497e (webtiles) character file.

Game seed: 1623487758725905410

714 ytrimaz the Fighter (level 7, -22/41 (64) HPs)
             Began as a Demonspawn Gladiator on Sept 16, 2022.
             Killed from afar by Maggie (23 damage)
             ... with a bolt of fire
             ... on level 6 of the Dungeon.
             The game lasted 00:04:54 (4059 turns).

ytrimaz the Fighter (Demonspawn Gladiator)          Turns: 4059, Time: 00:04:55

HP:   -22/41 (64)   AC:  8    Str: 16    XL:     7   Next: 41%
MP:   0/7           EV: 12    Int: 13    God:
Gold: 223           SH:  0    Dex: 14    Spells: 6/6 levels left

rFire   . . .      SeeInvis .    l - +2 hand axe (flame)
rCold   . . .      Faith    .    (no shield)
rNeg    . . .      Spirit   +    b - +1 leather armour
rPois   .          Reflect  .    o - +2 helmet {Int+3}
rElec   .          Harm     .    (no cloak)
rCorr   .          Rampage  .    p - +0 pair of gloves
Will    +....                    (no boots)
Stlth   +.........               (no amulet)
HPRegen 0.13/turn                n - ring of willpower
MPRegen 0.20/turn                (no ring)

@: mighty, brilliant, hasted, studying Fighting, very heavily drained, very
quick
A: claws 2, magic shield, magic regeneration, magic link
a: no special abilities


You were on level 6 of the Dungeon.
You visited 1 branch of the dungeon, and saw 6 of its levels.

You collected 223 gold pieces.


Innate Abilities, Weirdness & Mutations

You have very sharp fingernails.
When hurt, damage is shared between your health and your magic reserves.
You regenerate magic rapidly.
When low on magic, you restore magic in place of health.


   Skills:
 * Level 9.2 Fighting
 - Level 3.1 Axes
 - Level 1.7 Throwing
 + Level 3.3 Armour
 - Level 2.6 Dodging


You had 6 spell levels left.
You didn't know any spells.
Your spell library contained the following spells:

 Spells                   Type           Power      Damage    Failure   Level
 Cigotuvi's Dreadful Rot  Necr/Pois/Air  0%         N/A       50%         2
 Scorch                   Fire           0%         2d5       50%         2
 Dispel Undead            Necr           0%         3d6       98%         4
 Flame Wave               Conj/Fire      0%         2d4       98%         4
 Fireball                 Conj/Fire      0%         3d3       100%        5
 Iskenderun's Battlesphe  Conj           0%         2d6       100%        5
 Conjure Ball Lightning   Conj/Air       0%         3x3d6     100%        6
 Death Channel            Necr           0%         N/A       100%        6
 Summon Cactus Giant      Summ           0%         N/A       100%        6
 Orb of Destruction       Conj           0%         9d5       100%        7

Inventory:

Hand Weapons
 a - a +0 war axe
 l - a +2 hand axe of flaming (weapon)
   (You found it on level 2 of the Dungeon)
Missiles
 d - 3 throwing nets (quivered)
 e - a javelin
Armour
 b - a +1 leather armour (worn)
 o - a +2 helmet of intelligence (worn)
   (You found it on level 2 of the Dungeon)
 p - a +0 pair of gloves (worn)
   (You found it on level 3 of the Dungeon)
Jewellery
 c - a ring of positive energy
   (You found it on level 5 of the Dungeon)
 n - a ring of willpower (left hand)
   (You found it on level 3 of the Dungeon)
Wands
 s - a wand of flame (19)
   (You found it on level 3 of the Dungeon)
 v - a wand of mindburst (22)
   (You found it on level 5 of the Dungeon)
Scrolls
 h - 4 scrolls of teleportation
 i - 2 scrolls of brand weapon
 k - a scroll of enchant weapon
 t - a scroll of blinking
Potions
 f - a potion of attraction
 r - 2 potions of ambrosia
 u - a potion of flight {unknown}
 w - a potion of resistance {unknown}

Dungeon Overview and Level Annotations

Branches:
Dungeon (6/15) Zot: 26972
 Temple: D:4-7

Altars:
Gozag
Kikubaaqudgha
Makhleb
Okawaru
Yredelemnul

Annotations:
D:6 Maggie

########.
##.......S
#.........
#<.######..#
#...@@S/....
#........####..#
#.###..#...
#......#
#.##...#
#.##...#
#....... ..
......


You could see Maggie and an adder.


Message History

😮 HP[-10] MP[-1]
You now have 55 max hp (-2).
You take 10 damage, and now have 40/55 hp.
You lost 1 mp, and now have 5/7 mp.
You hit Maggie. You burn Maggie.
Maggie gestures wildly while chanting.
Maggie attempts to bespell you! You resist with almost no effort.
You hit Maggie. You burn Maggie.
Maggie says, "Leave now, and tell all of Margery's mercy!"
Maggie hits you with a +3 long sword of draining!
You feel drained. 😮 HP[-8] MP[-1]
You now have 53 max hp (-2).
You take 8 damage, and now have 32/53 hp.
You lost 1 mp, and now have 4/7 mp.
You hit Maggie. You burn Maggie.
Maggie hits you with a +3 long sword of draining!
* * * LOW HITPOINT WARNING * * *
You feel drained.
* * * LOW HITPOINT WARNING * * *
You barely miss Maggie.
Maggie hits you with a +3 long sword of draining.
* * * LOW HITPOINT WARNING * * *
You feel drained. 😨 HP[-10] MP[-2]
You now have 50 max hp (-3).
You take 10 damage, and now have 22/50 hp.
You lost 2 mp, and now have 2/7 mp.
You feel much better. Maggie barely misses you. 😎 HP[+28]
Your hp is fully restored (50).
It was a potion of brilliance.
You feel clever all of a sudden.
Maggie hits you with a +3 long sword of draining!
You feel drained. 😮 HP[-14]
You now have 49 max hp (-1).
You take 14 damage, and now have 36/49 hp.
MASSIVE DAMAGE!! (PAUSE) It was a potion of haste.
You feel yourself speed up.
Maggie barely misses you. 😮 MP[+1] Unknown command.
You hit Maggie but do no damage.
Maggie hits you with a +3 long sword of draining!
You feel drained. 😮 HP[-7] MP[-1]
You now have 47 max hp (-2).
You take 7 damage, and now have 29/47 hp.
You lost 1 mp, and now have 2/7 mp.
You hit Maggie. You burn Maggie. You hit Maggie but do no damage.
Maggie barely misses you.
Unknown command.
You hit Maggie. You burn Maggie.
Maggie hits you with a +3 long sword of draining.
You feel drained.
* * * LOW HITPOINT WARNING * * *
😨 HP[-6]
You now have 46 max hp (-1).
You take 6 damage, and now have 23/46 hp.
You hit Maggie. You burn Maggie. You barely miss Maggie.
Maggie hits you with a +3 long sword of draining!
* * * LOW HITPOINT WARNING * * *
You feel drained.
* * * LOW HITPOINT WARNING * * *
You hit Maggie. You burn Maggie. Maggie closely misses you. 😱 HP[-12]
You now have 44 max hp (-2).
You take 12 damage, and now have 11/44 hp.
MASSIVE DAMAGE!! (PAUSE) It was a potion of might.
You feel very mighty all of a sudden.
Maggie hits you with a +3 long sword of draining.
* * * LOW HITPOINT WARNING * * *
You feel drained.
* * * LOW HITPOINT WARNING * * *
😱 HP[-6] MP[-1]
You now have 42 max hp (-2).
You take 6 damage, and now have 5/42 hp.
You lost 1 mp, and now have 1/7 mp.
You closely miss Maggie. Maggie barely misses you.
Unknown command.
You barely miss Maggie.
Unknown command.
You slash Maggie! You burn Maggie.
Maggie hits you with a +3 long sword of draining.
* * * LOW HITPOINT WARNING * * *
You feel drained.
* * * LOW HITPOINT WARNING * * *
😱 HP[-4]
You now have 41 max hp (-1).
You take 4 damage, and now have 1/41 hp.
Okay, then.
Okay, then.
Unknown command.
You slash Maggie! You burn Maggie. Maggie gestures at you while chanting.
The bolt of fire hits you!!
Ouch! That really hurt!
You die...

Skill      XL: |  1  2  3  4  5  6  7 |
---------------+----------------------+-----
Axes           | 3 |  3.1
Fighting       | 3 4 5 6 8 9 |  9.2
Armour         | 1 3 |  3.3
Throwing       | |  1.7
Dodging        | |  2.6

Action                   |  1- 3 |  4- 6 |  7- 9 || total
-------------------------+-------+-------+-------++-------
Melee: War axe           |    50 |       |       ||    50
       Hand axe          |    14 |   166 |    44 ||   224
       Punch             |     2 |     1 |     1 ||     4
  Use: Scroll            |     3 |    10 |     2 ||    15
       Potion            |       |     2 |     4 ||     6
 Stab: Sleeping          |       |     2 |       ||     2
Armor: Leather armour    |    24 |    70 |     7 ||   101
Dodge: Dodged            |    49 |   110 |    19 ||   178

Levels and vault maps discovered:
D:1:      beargit_arrival_greenhouse, layout_basic,
          dreamdust_ecumenical_altar_grove, serial_curves, eino_curves_03,
          eino_curves_03, hangedman_abyss_or_decor_stabs, roderic_malta_cross
D:2:      layout_rooms, basic_altar, uniq_jessica
D:3:      layout_rooms, mainiacjoe_overflow_alcove_2,
          minmay_misc_feat_secret_circle, nicolae_concentric_dashed_squares_wild
D:4:      wad_woods_pond, layout_loops_ring,
          grunt_temple_overflow_gold_and_silver, kennysheep_vampire_church,
          yredelemnul_forgotten_temple_becter
D:5:      layout_loops_ring
D:6:      layout_loops_ring, serial_shops, shop, chequers_mini_garden,
          uniq_maggie

Notes
Turn   | Place    | Note
-------+----------+-------------------------------------------
     0 | D:1      | ytrimaz the Demonspawn Gladiator began the quest for the
                  | Orb.
     0 | D:1      | Reached XP level 1. HP: 16/16 MP: 1/1
     0 | D:1      | magus.rc [v1.9.6]
    50 | D:1      | Found a faded altar of an unknown god.
   451 | D:1      | Gained mutation: You regenerate magic rapidly. [demonic
                  | ancestry]
   451 | D:1      | Reached XP level 2. HP: 23/23 MP: 2/2
   556 | D:1      | Reached skill level 3 in Axes
   772 | D:1      | Reached skill level 3 in Fighting
   891 | D:2      | You pick up a book of Scorching and begin reading...
   891 | D:2      | You add the spells Scorch, Flame Wave and Summon Cactus
                  | Giant to your library.
   933 | D:2      | Gained mutation: You have sharp fingernails. [demonic
                  | ancestry]
   933 | D:2      | Reached XP level 3. HP: 29/29 MP: 3/3
   989 | D:2      | Found a burning altar of Makhleb.
  1032 | D:2      | Noticed Jessica
  1035 | D:2      | Killed Jessica
  1084 | D:2      | Reached skill level 4 in Fighting
  1149 | D:2      | Gained mutation: When hurt, damage is shared between your
                  | health and your magic reserves. [demonic ancestry]
  1149 | D:2      | Reached XP level 4. HP: 34/37 MP: 4/4
  1583 | D:3      | You pick up a book of Decay and begin reading...
  1583 | D:3      | You add the spells Cigotuvi's Dreadful Rot, Dispel Undead
                  | and Death Channel to your library.
  1776 | D:3      | You pick up a book of the Spheres and begin reading...
  1776 | D:3      | You add the spells Iskenderun's Battlesphere, Fireball,
                  | Conjure Ball Lightning and Orb of Destruction to your
                  | library.
  1926 | D:3      | Found an iron altar of Okawaru.
  1932 | D:3      | Identified the +0 ring mail of the Soft God {-Tele rPois
                  | Will+}
  2086 | D:3      | Identified a scroll of acquirement
  2086 | D:3      | Acquired a manual of Fighting
  2234 | D:4      | Found a basalt altar of Yredelemnul.
  2302 | D:4      | Reached skill level 5 in Fighting
  2302 | D:4      | Gained mutation: When low on magic, you restore magic in
                  | place of health. [demonic ancestry]
  2302 | D:4      | Reached XP level 5. HP: 26/44 MP: 3/5
  2318 | D:4      | Reached skill level 1 in Armour
  2330 | D:4      | Reached skill level 6 in Fighting
  2647 | D:4      | Reached XP level 6. HP: 38/53 MP: 6/6
  2758 | D:4      | Found an opulent altar of Gozag.
  2862 | D:4      | Reached skill level 2 in Armour
  2997 | D:4      | Found an ancient bone altar of Kikubaaqudgha.
  3018 | D:4      | Reached skill level 7 in Fighting
  3178 | D:5      | Entered Level 5 of the Dungeon
  3305 | D:5      | Reached skill level 8 in Fighting
  3368 | D:5      | Noticed a water moccasin
  3380 | D:5      | Killed a water moccasin
  3381 | D:5      | Reached skill level 3 in Armour
  3381 | D:5      | Gained mutation: You have very sharp fingernails. [demonic
                  | ancestry]
  3381 | D:5      | Reached XP level 7. HP: 43/63 MP: 5/7
  3828 | D:5      | Reached skill level 9 in Fighting
  4030 | D:6      | Noticed Maggie
  4053 | D:6      | HP: 11/44 [Maggie/+3 long sword of draining (3)]
  4055 | D:6      | HP: 5/42 [Maggie/+3 long sword of draining (1)]
  4058 | D:6      | HP: 2/42 [Maggie/+3 long sword of draining (3)]
  4059 | D:6      | Killed from afar by Maggie

Vanquished Creatures
  A water moccasin (D:5)
  A black bear (D:5)
  A phantom (D:5)
  A vampire bat (D:4)
  2 jellies
  2 orc priests (D:4)
  Jessica (D:2)
  An iguana (D:4)
  2 orc wizards (D:4)
  5 adders
  4 gnolls (D:5)
  2 ufetubi
  3 dart slugs (D:1)
  6 orcs (D:4)
  4 bat skeletons (D:4)
  2 bat zombies (D:4)
  3 endoplasms
  5 goblins
  6 hobgoblins
  6 jackals
  7 kobolds
  4 quokkas (D:1)
  10 ball pythons
  4 bats
  A frilled lizard (D:3)
  A spectral orc (D:4)
85 creatures vanquished.

Vanquished Creatures (others)
  8 plants (D:4)
8 creatures vanquished.

Grand Total: 93 creatures vanquished

Table legend:
 A = Non-vault XP
 B = Vault XP
 C = Vault XP percentage of total XP
 D = Non-vault monster count
 E = Vault monster count
 F = Vault count percentage of total count
                 A         B        C        D         E       F
            +---------+---------+-------+---------+---------+-------
      Total |     910 |     111 |  10.9 |      75 |      10 |  11.8
            +---------+---------+-------+---------+---------+-------
        D:1 |      35 |       0 |   0.0 |      16 |       0 |   0.0
        D:2 |      54 |      37 |  40.7 |      12 |       1 |   7.7
        D:3 |      20 |       0 |   0.0 |      12 |       0 |   0.0
        D:4 |     293 |      74 |  20.2 |      25 |       9 |  26.5
        D:5 |     508 |       0 |   0.0 |      10 |       0 |   0.0
            +---------+---------+-------+---------+---------+-------

Illustrated notes

Table legend:
 A = Kills in this place as a percentage of kills in entire the game.
 B = Kills by you in this place as a percentage of kills by you in the entire game.
 C = Kills by friends in this place as a percentage of kills by friends in the entire game.
 D = Other kills in this place as a percentage of other kills in the entire game.
 E = Experience gained in this place as a percentage of experience gained in the entire game.
 F = Experience gained in this place divided by the number of levels of this place that you have seen.
                   A       B       C       D       E      F
               +-------+-------+-------+-------+-------+----------------------
         Total | 100.0 | 100.0 |   N/A |   N/A | 100.0 | 170.2
       Dungeon | 100.0 | 100.0 |   N/A |   N/A | 100.0 | 170.2
               +-------+-------+-------+-------+-------+----------------------

Table legend: (Time is in decaauts)
 A = Elapsed time spent in this place.
 B = Non-inter-level travel time spent in this place.
 C = Inter-level travel time spent in this place.
 D = Time resting spent in this place.
 E = Time spent auto-exploring this place.
 F = Levels seen in this place.
 G = Mean time per level.
                   A        B        C        D        E       F      G
               +--------+--------+--------+--------+--------+-----+--------+
         Total |   4108 |   4004 |    104 |      2 |   3285 |   6 |  684.7 |
       Dungeon |   4108 |   4004 |    104 |      2 |   3285 |   6 |  684.7 |
               +--------+--------+--------+--------+--------+-----+--------+

Top non-repeatable levels by time:
     D:4: 1078 daAuts
     D:1: 897 daAuts
     D:5: 859 daAuts
     D:3: 660 daAuts
     D:2: 586 daAuts
     D:6: 27 daAuts
